[Event "Titled Tuesday Blitz March 28 Late 2023"]
[White "Oro, Faustino"]
[Black "Ibadov, Dashgyn"]
[WhiteFideId "20000197"]
[BlackFideId "24107514"]
[WhiteElo "1984"]
[BlackElo "2208"]
[Result "0-1"]
[Round "11"]
[TimeControl "180+2"]
[Date "2023.03.28"]
[WhiteClock "0:00:04"]
[BlackClock "0:00:16"]

1. e4 c5 2. Nf3 Nc6 3. d4 cxd4 4. Nxd4 Nf6 5. Nc3 e5 6. Ndb5 d6 7. Bg5 a6 8. Na3 b5 9. Bxf6 gxf6 10. Nd5 f5 11. exf5 Bxf5 12. Bd3 Be6 13. Be4 Bg7 14. Nf6+ Bxf6 15. Bxc6+ Ke7 16. Bxa8 Qxa8 17. f3 Rg8 18. Qe2 Bg5 19. O-O Bf4 20. Kh1 Qf8 21. g3 Bg5 22. Rad1 Qh6 23. Qd3 d5 24. c3 Be3 25. Rde1 Bb6 26. g4 Qf4 27. Qe2 Bc7 28. Nc2 h5 29. Ne3 Rh8 30. Qf2 hxg4 31. fxg4 Qg5 32. Nf5+ Kd7 33. Qg2 e4 34. h3 Be5 35. Rd1 Kc7 36. Rde1 Kb7 37. Ne3 Qh4 38. Rf2 Bg3 39. Ref1 Bxf2 40. Rxf2 Qxh3+ 41. Qh2 Qxe3 0-1


[Site "https://www.chess.com"]

[Event "Titled Tuesday Blitz March 28 Late 2023"]
[White "Lewtak, Damian"]
[Black "koncheto"]
[WhiteFideId "1141724"]
[WhiteElo "2302"]
[BlackElo "2490"]
[Result "1-0"]
[Round "11"]
[TimeControl "180+2"]
[Date "2023.03.28"]
[WhiteClock "0:00:16"]
[BlackClock "0:00:01"]

1. e4 e5 2. Nf3 Nf6 3. Nxe5 Nc6 4. Nxc6 dxc6 5. Qe2 Bc5 6. h3 O-O 7. d3 Re8 8. Be3 Bxe3 9. fxe3 Qd6 10. Nd2 b5 11. Qf2 a5 12. a3 a4 13. Be2 Qc5 14. c3 Be6 15. d4 Qe7 16. e5 Nd5 17. e4 Nb6 18. O-O Rad8 19. Qg3 Bc8 20. Nf3 Nc4 21. Bxc4 bxc4 22. Rf2 c5 23. d5 h6 24. Raf1 Rd7 25. Nh4 Qxe5 26. Rf4 Rde7 27. Nf5 Bxf5 28. exf5 Kh8 29. f6 gxf6 30. Qh4 Qg5 31. Qxg5 1-0


[Site "https://www.chess.com"]

[Event "Titled Tuesday Blitz March 28 Late 2023"]
[White "Dudzinski, Pawel"]
[Black "Rytenko, Vsevolod"]
[WhiteFideId "1117890"]
[BlackFideId "14133040"]
[WhiteElo "2099"]
[BlackElo "2262"]
[Result "0-1"]
[Round "11"]
[TimeControl "180+2"]
[Date "2023.03.28"]
[WhiteClock "0:00:07"]
[BlackClock "0:00:15"]

1. e4 c6 2. d4 d5 3. exd5 cxd5 4. Bd3 Nc6 5. c3 Nf6 6. h3 e5 7. dxe5 Nxe5 8. Nf3 Nxd3+ 9. Qxd3 Be7 10. O-O O-O 11. Re1 Bd7 12. Bg5 Bc6 13. Bxf6 Bxf6 14. Nd4 Rc8 15. Nd2 Re8 16. Kf1 Qd6 17. N2f3 Bd7 18. Rxe8+ Rxe8 19. Re1 Rxe1+ 20. Kxe1 a6 21. Qe3 h6 22. Ke2 b5 23. Nb3 Bf5 24. Qe8+ Kh7 25. Qxf7 b4 26. Nbd4 Be4 27. Qe6 Qxe6 28. Nxe6 bxc3 29. bxc3 Bxc3 30. Nc5 a5 31. Nxe4 dxe4 32. Nd2 Bxd2 33. Kxd2 Kg6 34. Ke3 Kf5 35. Kd4 Kf4 36. a4 g5 37. Kc5 h5 38. Kb5 g4 39. hxg4 hxg4 40. Kxa5 g3 41. fxg3+ Kxg3 42. Kb6 e3 43. a5 e2 44. a6 e1=Q 45. Kb7 Qe4+ 46. Kb8 Qb4+ 47. Kc7 Qc5+ 48. Kb7 Qb5+ 49. Ka7 Kxg2 0-1


[Site "https://www.chess.com"]

[Event "Titled Tuesday Blitz March 28 Late 2023"]
[White "Spata, German"]
[Black "Kielinkei"]
[WhiteFideId "113026"]
[WhiteElo "2238"]
[BlackElo "2429"]
[Result "1-0"]
[Round "11"]
[TimeControl "180+2"]
[Date "2023.03.28"]
[WhiteClock "0:00:11"]
[BlackClock "0:00:05"]

1. e4 c5 2. b3 Nf6 3. Nc3 Nc6 4. Bb2 d5 5. exd5 Nxd5 6. Bb5 Nxc3 7. Bxc6+ bxc6 8. Bxc3 e6 9. d3 Qg5 10. Qf3 Qd5 11. Qg3 Bd7 12. Nf3 f6 13. O-O Kf7 14. Rfe1 Bd6 15. Qh4 e5 16. Nd2 Rae8 17. Nc4 Be7 18. f4 exf4 19. Qxf4 Rhf8 20. Re2 Kg8 21. Rae1 Bd8 22. Rxe8 Rxe8 23. Rxe8+ Bxe8 24. Qe3 Bd7 25. Nd2 Qh5 26. Nf3 Qd5 27. Be1 Kf7 28. Bf2 Bb6 29. Qe2 Bg4 30. h3 Bxf3 31. Qxf3 Qxf3 32. gxf3 Ke6 33. Kf1 Kd5 34. Ke2 Ba5 35. c4+ Kd6 36. Bg3+ Ke6 37. Bb8 a6 38. Ke3 Bb4 39. f4 f5 40. Be5 g6 41. Bb2 Be1 42. Kf3 Bb4 43. Bc1 Be1 44. a3 Bc3 45. Be3 Bd4 46. Bxd4 cxd4 47. b4 Kd6 48. Kg3 h6 49. a4 Kc7 50. h4 h5 51. Kf3 Kb6 52. Ke2 Kc7 53. Kd2 Kb6 54. Kc2 Kc7 55. Kb3 Kb6 56. c5+ Kc7 57. Kc4 Kd7 58. Kxd4 Ke6 59. Kc3 g5 60. fxg5 f4 61. Kd2 Kf5 62. Ke2 Kg4 63. Kf2 Kxh4 64. g6 Kh3 65. g7 Kh2 66. g8=Q h4 67. Qg2# 1-0


[Site "https://www.chess.com"]

[Event "Titled Tuesday Blitz March 28 Late 2023"]
[White "Senthilkumar, Pranav"]
[Black "Lenaerts, Lennert"]
[WhiteFideId "2083477"]
[BlackFideId "211435"]
[WhiteElo "1860"]
[BlackElo "2334"]
[Result "1-0"]
[Round "11"]
[TimeControl "180+2"]
[Date "2023.03.28"]
[WhiteClock "0:01:51"]
[BlackClock "0:02:25"]

1. Nf3 d5 2. b3 h6 3. Bb2 Bf5 4. e3 e6 5. c4 Nf6 6. Nc3 Be7 7. Be2 O-O 8. O-O c6 9. Rc1 Nbd7 10. d4 Rc8 11. Bd3 Bxd3 12. Qxd3 Re8 13. e4 dxe4 14. Nxe4 Nxe4 15. Qxe4 Nf6 16. Qe2 Qa5 17. Bc3 Bb4 18. Bxb4 Qxb4 19. Ne5 Red8 20. Rfd1 Rd6 21. Qb2 Rcd8 22. a3 Qa5 23. c5 Rd5 24. Nc4 Qxc5 25. Ne3 Rxd4 26. Rxc5 Rxd1+ 27. Nf1 Ne4 28. Rc1 R1d3 29. h3 1-0


[Site "https://www.chess.com"]

[Event "Titled Tuesday Blitz March 28 Late 2023"]
[White "Ozates, Tuna"]
[Black "Itkis, Boris"]
[WhiteFideId "6354521"]
[BlackFideId "1209167"]
[WhiteElo "2151"]
[BlackElo "2216"]
[Result "1-0"]
[Round "11"]
[TimeControl "180+2"]
[Date "2023.03.28"]
[WhiteClock "0:01:33"]
[BlackClock "0:00:50"]

1. d4 d5 2. Bg5 Nf6 3. Bxf6 gxf6 4. c4 e6 5. Nc3 dxc4 6. e4 c5 7. d5 a6 8. a4 Qb6 9. Bxc4 Qxb2 10. Nge2 Qb6 11. a5 Qc7 12. O-O Bd6 13. g3 h5 14. dxe6 fxe6 15. Qd3 Nc6 16. f4 Be7 17. e5 f5 18. Rfd1 Bd7 19. Qf3 O-O-O 20. Rdb1 Rdg8 21. Rb6 h4 22. Rab1 Nxa5 23. Bxa6 Bc6 24. Rxc6 Qxc6 25. Bxb7+ Qxb7 26. Rxb7 Nxb7 27. Qc6+ Kb8 28. Qxe6 hxg3 29. hxg3 Bd8 30. Qxf5 c4 31. e6 Bb6+ 32. Kg2 Rg7 33. Qe5+ Rc7 34. Qxh8+ 1-0


[Site "https://www.chess.com"]

[Event "Titled Tuesday Blitz March 28 Late 2023"]
[White "Adan Bermudez, Sergio"]
[Black "Bogaudinov, Rushan"]
[WhiteFideId "2292726"]
[BlackFideId "4129288"]
[WhiteElo "2292"]
[BlackElo "1949"]
[Result "0-1"]
[Round "11"]
[TimeControl "180+2"]
[Date "2023.03.28"]
[WhiteClock "0:00:04"]
[BlackClock "0:00:30"]

1. c4 e5 2. Nc3 Nc6 3. Nf3 Bb4 4. g3 Bxc3 5. bxc3 d6 6. Bg2 Nf6 7. O-O O-O 8. Rb1 Rb8 9. d3 Re8 10. e4 b6 11. Nh4 Na5 12. f4 Nb7 13. fxe5 dxe5 14. Bg5 Nc5 15. Bxf6 gxf6 16. Qh5 Qxd3 17. Rxf6 Qxb1+ 18. Rf1 Qxf1+ 19. Kxf1 Be6 20. Qg5+ Kf8 21. Kg1 Red8 22. h3 Rd1+ 23. Kh2 Rbd8 24. Qxe5 R8d2 25. Nf5 Bxf5 26. exf5 Nd3 27. Qxc7 Ne1 28. Qc8+ Kg7 29. f6+ Kxf6 30. Qc6+ Kg7 0-1


[Site "https://www.chess.com"]

[Event "Titled Tuesday Blitz March 28 Late 2023"]
[White "Hambleton, Aman"]
[Black "WindWhistler11"]
[WhiteFideId "2606577"]
[WhiteElo "2511"]
[BlackElo "2467"]
[Result "1-0"]
[Round "11"]
[TimeControl "180+2"]
[Date "2023.03.28"]
[WhiteClock "0:00:59"]
[BlackClock "0:00:12"]

1. d4 Nf6 2. Bf4 d6 3. e3 Nbd7 4. h3 e5 5. Bh2 g6 6. Nf3 e4 7. Nfd2 Bg7 8. c4 Qe7 9. Nc3 O-O 10. Be2 Re8 11. O-O h5 12. a4 a5 13. Nb5 Nf8 14. c5 dxc5 15. Nxc7 cxd4 16. Bb5 Bf5 17. Nxe8 Nxe8 18. exd4 Bxd4 19. Nc4 Rd8 20. Qe2 Qg5 21. Kh1 Nf6 22. Rad1 Ne6 23. Nd6 Nd5 24. Nxe4 Qh4 25. Nd6 Bg4 26. Bg3 Bxe2 27. Bxh4 Bxf1 28. Bxd8 Bxb5 29. Nxb5 Bf6 30. Rxd5 Bxd8 31. Nd4 1-0


[Site "https://www.chess.com"]

[Event "Titled Tuesday Blitz March 28 Late 2023"]
[White "Popov, Mikhail"]
[Black "Vivas Zamora, Fabian Ernesto"]
[WhiteFideId "4146182"]
[BlackFideId "3902480"]
[WhiteElo "2270"]
[BlackElo "2262"]
[Result "1-0"]
[Round "11"]
[TimeControl "180+2"]
[Date "2023.03.28"]
[WhiteClock "0:00:36"]
[BlackClock "0:00:01"]

1. d4 Nf6 2. Nf3 g6 3. Bg5 Bg7 4. Nbd2 c5 5. c3 cxd4 6. cxd4 d5 7. e3 O-O 8. Bd3 Nc6 9. a3 Qb6 10. Qb3 Qxb3 11. Nxb3 Bf5 12. Bxf5 gxf5 13. Bxf6 Bxf6 14. Nc5 Rfc8 15. Ke2 b6 16. Nd3 Na5 17. Rac1 Nb3 18. Rxc8+ Rxc8 19. Kd1 a5 20. Nd2 a4 21. Nxb3 axb3 22. Nb4 e6 23. Kd2 Be7 24. Rc1 Bxb4+ 25. axb4 Rxc1 26. Kxc1 b5 27. Kd2 Kg7 28. Kc3 Kg6 29. Kxb3 Kg5 30. Kc3 f4 31. Kd3 Kf5 32. f3 fxe3 33. Kxe3 h5 34. g3 Kg5 35. h3 f6 36. f4+ Kf5 37. Kf3 Kg6 38. g4 h4 39. f5+ exf5 40. Kf4 fxg4 41. Kxg4 f5+ 42. Kxh4 Kh6 43. Kg3 Kg5 44. Kf3 f4 45. b3 Kf5 46. h4 1-0


[Site "https://www.chess.com"]

[Event "Titled Tuesday Blitz March 28 Late 2023"]
[White "Mazurkiewicz, Michal"]
[Black "Goroshkov, Maksym"]
[WhiteFideId "1124943"]
[BlackFideId "14142716"]
[WhiteElo "2054"]
[BlackElo "2322"]
[Result "1-0"]
[Round "11"]
[TimeControl "180+2"]
[Date "2023.03.28"]
[WhiteClock "0:00:13"]
[BlackClock "0:01:27"]

1. e4 e5 2. Nf3 d6 3. d4 Bg4 4. dxe5 Nd7 5. exd6 Bxd6 6. Be2 Ngf6 7. Nc3 Qe7 8. h3 Bh5 9. O-O O-O-O 10. Be3 a6 11. Nd4 Bxe2 12. Qxe2 Nxe4 13. Nc6 Qh4 14. Nxe4 Qxe4 15. Nxd8 Rxd8 16. Qg4 Qe5 17. g3 f5 18. Qd4 Qe7 19. Rfe1 Qf7 20. Rad1 Ne5 21. Kg2 Nc6 22. Qd5 Qf6 23. Bd4 Nxd4 24. Qxd4 Qg6 25. Qa7 f4 26. Re7 f3+ 27. Kh1 c5 28. Qxb7# 1-0


[Site "https://www.chess.com"]

[Event "Titled Tuesday Blitz March 28 Late 2023"]
[White "Romanchuk, Viktor"]
[Black "reevecanada"]
[WhiteFideId "14109271"]
[WhiteElo "2242"]
[BlackElo "2433"]
[Result "1-0"]
[Round "11"]
[TimeControl "180+2"]
[Date "2023.03.28"]
[WhiteClock "0:00:42"]
[BlackClock "0:01:11"]

1. d4 d5 2. c4 c6 3. Nc3 dxc4 4. e3 b5 5. a4 Qb6 6. axb5 cxb5 7. b3 cxb3 8. Bxb5+ Bd7 9. Qxb3 e6 10. Nf3 Bd6 11. O-O Nf6 12. e4 Bxb5 13. Nxb5 Nxe4 14. Nxd6+ Qxd6 15. Ba3 Qd5 16. Qb4 Nc6 17. Qa4 f6 18. Rfc1 Rc8 19. Rc2 Kf7 20. Rac1 g5 21. Rxc6 Rxc6 22. Qxc6 Qa2 23. Qxe4 Qxa3 24. Rc7+ Kf8 25. Qxe6 Qa1+ 26. Ne1 Qxd4 27. Qf7# 1-0


[Site "https://www.chess.com"]

[Event "Titled Tuesday Blitz March 28 Late 2023"]
[White "Fiorito, Joaquin"]
[Black "Rios Escobar, Adan"]
[WhiteFideId "180173"]
[BlackFideId "3403645"]
[WhiteElo "2157"]
[BlackElo "2420"]
[Result "1-0"]
[Round "11"]
[TimeControl "180+2"]
[Date "2023.03.28"]
[WhiteClock "0:00:22"]
[BlackClock "0:00:01"]

1. d4 Nf6 2. c4 g6 3. Nc3 Bg7 4. e4 d6 5. Nf3 O-O 6. Be2 Na6 7. Be3 e5 8. d5 Nh5 9. Nd2 Nf4 10. O-O f5 11. f3 Qg5 12. Bxf4 exf4 13. Nb3 Bxc3 14. bxc3 b6 15. a4 Nc5 16. Nxc5 bxc5 17. Qd2 h6 18. Rab1 Re8 19. Bd3 Re7 20. Rfe1 Bd7 21. a5 a6 22. Qc2 Rae8 23. Rb7 Bc8 24. Rb8 h5 25. Reb1 h4 26. Kh1 Kg7 27. Rf1 Rh8 28. h3 Rhe8 29. Qf2 Qf6 30. exf5 Bxf5 31. Rxe8 Rxe8 32. Bxf5 Qxf5 33. Qxh4 Re3 34. Qd8 Qd3 35. Qxc7+ Kh6 36. Rg1 Qxc3 37. Qxd6 Qxc4 38. Qf8+ Kh7 39. d6 Rd3 40. Qe7+ Kg8 41. Re1 Qd5 42. Qe8+ Kg7 43. Re7+ Kf6 44. Qh8+ Kg5 45. h4+ Kf5 46. Qf8+ 1-0


[Site "https://www.chess.com"]

[Event "Titled Tuesday Blitz March 28 Late 2023"]
[White "Bilan, Danila"]
[Black "marik_spb"]
[WhiteFideId "24161918"]
[WhiteElo "2182"]
[BlackElo "2421"]
[Result "1-0"]
[Round "11"]
[TimeControl "180+2"]
[Date "2023.03.28"]
[WhiteClock "0:00:07"]
[BlackClock "0:00:04"]

1. d4 Nf6 2. Nf3 b6 3. g3 Bb7 4. Bg2 e6 5. O-O Be7 6. c4 O-O 7. d5 exd5 8. Nh4 c6 9. cxd5 Nxd5 10. Nf5 Re8 11. e4 Nc7 12. Nc3 d5 13. Qg4 Bf6 14. Bf4 Ne6 15. exd5 cxd5 16. Nd6 Nxf4 17. Qxf4 Bc6 18. Nxe8 Qxe8 19. Nxd5 Be5 20. Qe3 Nd7 21. Ne7+ Qxe7 22. Bxc6 Re8 23. Bxd7 Qxd7 24. Rad1 Qe6 25. Rfe1 Bxb2 26. Qd2 1-0


[Site "https://www.chess.com"]

[Event "Titled Tuesday Blitz March 28 Late 2023"]
[White "Przybylski, Wojciech"]
[Black "Belov, Alexei"]
[WhiteFideId "1117599"]
[BlackFideId "4128206"]
[WhiteElo "2222"]
[BlackElo "2535"]
[Result "0-1"]
[Round "11"]
[TimeControl "180+2"]
[Date "2023.03.28"]
[WhiteClock "0:00:02"]
[BlackClock "0:01:17"]

1. d4 e6 2. e4 d5 3. Nc3 Nf6 4. Bg5 dxe4 5. Nxe4 Be7 6. Bxf6 Bxf6 7. Nf3 O-O 8. c3 Nd7 9. Bd3 e5 10. d5 Be7 11. Bc4 Nb6 12. Bb3 Bd6 13. O-O f5 14. Nxd6 cxd6 15. Nd2 Nd7 16. f4 e4 17. Nc4 Nc5 18. Qd4 b6 19. Rae1 Ba6 20. Re3 Rc8 21. Rg3 g6 22. Rd1 Qc7 23. Ne3 Nd3 24. Rb1 Nxf4 25. Bd1 Qc5 26. Qa4 Be2 27. Kh1 Bd3 28. Rc1 Nxd5 29. Bb3 b5 30. Bxd5+ Kh8 31. Qb3 f4 32. Rh3 fxe3 33. Be6 Bc4 34. Bxc4 Qxc4 35. Qc2 Rf1+ 36. Rxf1 Qxf1# 0-1


[Site "https://www.chess.com"]

[Event "Titled Tuesday Blitz March 28 Late 2023"]
[White "Sreyas Payyappat"]
[Black "Martin Barcelo, Carles"]
[WhiteFideId "46674969"]
[BlackFideId "24561444"]
[WhiteElo "2083"]
[BlackElo "2089"]
[Result "0-1"]
[Round "11"]
[TimeControl "180+2"]
[Date "2023.03.28"]
[WhiteClock "0:00:14"]
[BlackClock "0:00:16"]

1. e4 e6 2. d4 d5 3. Nc3 dxe4 4. Nxe4 Nd7 5. Nf3 Ngf6 6. Bd3 Nxe4 7. Bxe4 Nf6 8. Bd3 c5 9. O-O cxd4 10. Nxd4 a6 11. c3 Qc7 12. Qf3 Bd6 13. Bg5 Bxh2+ 14. Kh1 Be5 15. Rfe1 Bxd4 16. cxd4 Qe7 17. d5 h6 18. Bxf6 Qxf6 19. Qxf6 gxf6 20. Bc4 Ke7 21. Re3 Rd8 22. Rae1 Rd6 23. Rh3 b5 24. Bb3 Bb7 25. dxe6 fxe6 26. Rxh6 Rf8 27. f4 Bd5 28. Bc2 Bxa2 29. b3 Rd2 30. Rc1 Rc8 31. Rh7+ Kd6 32. Ra7 Rc6 33. Rd1 Rxc2 34. Rxa6+ Kd5 35. Re1 Re2 36. Rd1+ Rcd2 37. Rc1 Rxg2 38. Ra5 Ke4 39. Rxb5 Kf3 40. Rf1+ Kg3 41. Rh5 Rh2+ 42. Rxh2 Rxh2+ 43. Kg1 Bxb3 44. Rc1 Rg2+ 45. Kf1 Bd5 46. Rc3+ Kxf4 47. Rd3 Rg3 48. Rd4+ Ke3 49. Ra4 Rf3+ 50. Ke1 Rf4 51. Ra3+ Ke4 52. Ra4+ Kf5 53. Ra3 Rf3 54. Ra4 Rh3 55. Ke2 Rh2+ 56. Kf1 e5 57. Kg1 Ra2 58. Rb4 Ke6 59. Kf1 e4 60. Ke1 f5 61. Kd1 Ke5 62. Ke1 f4 63. Kf1 f3 64. Ke1 e3 65. Kf1 Ra1+ 66. Rb1 Rxb1# 0-1


[Site "https://www.chess.com"]

[Event "Titled Tuesday Blitz March 28 Late 2023"]
[White "Castella Garcia, Fausto"]
[Black "Hirneise, Jens"]
[WhiteFideId "3501922"]
[BlackFideId "24614734"]
[WhiteElo "2245"]
[BlackElo "2345"]
[Result "1/2-1/2"]
[Round "11"]
[TimeControl "180+2"]
[Date "2023.03.28"]
[WhiteClock "0:00:05"]
[BlackClock "0:00:06"]

1. e4 e5 2. Nf3 Nc6 3. Bb5 Nd4 4. Nxd4 exd4 5. O-O c6 6. Ba4 Qh4 7. d3 Nf6 8. g3 Qh3 9. f3 h5 10. Qe2 Bc5 11. Bb3 a5 12. a4 O-O 13. e5 Nd5 14. Bxd5 cxd5 15. Qg2 Qe6 16. f4 d6 17. Re1 f6 18. f5 Qxf5 19. exd6 Bxd6 20. Na3 Bd7 21. Nb5 Rae8 22. Bd2 Bxb5 23. axb5 b6 24. Rf1 Qe6 25. Rae1 Qf7 26. c3 Be5 27. Kh1 dxc3 28. bxc3 d4 29. c4 Qg6 30. Re4 a4 31. Ra1 Ra8 32. Qf3 Rfc8 33. Re2 a3 34. Ra2 Re8 35. Bb4 Bc7 36. Rxa3 Rxa3 37. Bxa3 h4 38. gxh4 Rxe2 39. Qxe2 Kf7 40. h5 Qg5 41. c5 Qf4 42. cxb6 Be5 43. b7 Kg8 44. b8=Q+ Bxb8 45. Qe8+ Kh7 46. Qg6+ Kh8 47. Qe8+ Kh7 48. Qg6+ Kh8 49. Qe8+ Kh7 1/2-1/2


[Site "https://www.chess.com"]

[Event "Titled Tuesday Blitz March 28 Late 2023"]
[White "Estremera Panos, Sergio"]
[Black "cryptoguru02"]
[WhiteFideId "2200864"]
[WhiteElo "2253"]
[BlackElo "2527"]
[Result "1/2-1/2"]
[Round "11"]
[TimeControl "180+2"]
[Date "2023.03.28"]
[WhiteClock "0:00:21"]
[BlackClock "0:00:17"]

1. d4 g6 2. c4 Bg7 3. Nc3 c5 4. d5 d6 5. e4 Nf6 6. Nf3 O-O 7. Be2 a6 8. a4 e5 9. O-O Ne8 10. Ne1 Nd7 11. Nd3 f5 12. f3 f4 13. b4 b6 14. a5 cxb4 15. Nxb4 Nc5 16. Nc6 Qc7 17. Ba3 Bd7 18. Kh1 Bxc6 19. dxc6 Qxc6 20. Nd5 Rf7 21. axb6 Nf6 22. Bxc5 Qxc5 23. Qb3 Nxd5 24. cxd5 Rb7 25. Rfb1 a5 26. Qb5 Qxb5 27. Rxb5 Rab8 28. Raxa5 Rxb6 29. g3 Bf6 30. Kg2 Rxb5 31. Rxb5 Ra8 32. Rb6 Ra2 33. Rxd6 Rxe2+ 34. Kf1 Rxh2 35. Rxf6 fxg3 36. d6 Rd2 37. f4 exf4 38. e5 g5 39. e6 Rxd6 40. e7 Rxf6 41. e8=Q+ Kg7 42. Qe7+ Kg6 43. Qe4+ Kg7 44. Qe7+ Kg6 45. Qe8+ Kg7 46. Qe7+ 1/2-1/2


[Site "https://www.chess.com"]

[Event "Titled Tuesday Blitz March 28 Late 2023"]
[White "Garrido, Denis"]
[Black "Hajiyev, Kanan"]
[WhiteFideId "601217"]
[BlackFideId "13404148"]
[WhiteElo "2318"]
[BlackElo "2103"]
[Result "1-0"]
[Round "11"]
[TimeControl "180+2"]
[Date "2023.03.28"]
[WhiteClock "0:00:18"]
[BlackClock "0:00:27"]

1. e4 c6 2. d4 d5 3. e5 c5 4. dxc5 e6 5. Nf3 Bxc5 6. a3 Ne7 7. b4 Bb6 8. Bb2 Ng6 9. Bd3 O-O 10. O-O a5 11. b5 Nd7 12. Re1 Nc5 13. Bf1 Bd7 14. a4 Rc8 15. Nbd2 Rc7 16. c4 Bc8 17. cxd5 exd5 18. Bd4 Bg4 19. h3 Bf5 20. Ra3 Re7 21. Nb3 Ne4 22. Bd3 Nf4 23. Bf1 Re6 24. Bxb6 Qxb6 25. Nbd4 Bg6 26. Qc1 Nh5 27. Qe3 Ree8 28. g4 f6 29. gxh5 Bxh5 30. e6 f5 31. Bg2 Qd6 32. Ra2 f4 33. Qa3 Qb6 34. Rc2 Rf6 35. e7 Qd6 36. Qxd6 Rxd6 37. Ne5 Rxe7 38. Bxe4 dxe4 39. Rc8+ Re8 40. Rxe8+ Bxe8 41. Nf5 Rd5 42. Rxe4 Rd1+ 43. Kg2 Bf7 44. Nxf7 Kxf7 45. Rxf4 g5 46. Rf3 Kg6 47. Ne3 Ra1 48. Rf5 Rxa4 49. Rc5 Rb4 50. Kg3 a4 51. b6 a3 52. Ra5 Rb3 53. Kg2 h5 54. Nc4 Rc3 55. Nxa3 g4 56. Nb5 Rc5 57. hxg4 hxg4 58. Kg3 Kg5 59. Ra7 Rxb5 60. Rxb7 Rb3+ 61. Kg2 Rb2 62. Rb8 Kf4 63. b7 g3 64. Rf8+ Kg4 65. b8=Q Rxb8 66. Rxb8 gxf2 67. Kxf2 Kf4 68. Rb5 Ke4 69. Ke2 Kd4 70. Rh5 Kc4 71. Rh3 Kd4 72. Kd2 Ke4 73. Ra3 Kf4 74. Ke2 Ke4 75. Ra4+ Kd5 76. Kd3 Ke5 77. Rb4 Kf5 78. Ke3 Ke5 79. Rb5+ Kd6 80. Kd4 Kc6 81. Rh5 Kd6 82. Rh6+ Ke7 83. Ke5 Kf7 84. Ra6 Kg7 85. Kf5 Kf7 86. Ra7+ Ke8 87. Ke6 Kd8 88. Rh7 Kc8 89. Kd6 Kb8 90. Kc6 Ka8 91. Kb6 Kb8 92. Rh8# 1-0


[Site "https://www.chess.com"]

[Event "Titled Tuesday Blitz March 28 Late 2023"]
[White "Karamsetty, Jeevan"]
[Black "Li, Hui"]
[WhiteFideId "2025337"]
[BlackFideId "15400310"]
[WhiteElo "2111"]
[BlackElo "1967"]
[Result "1/2-1/2"]
[Round "11"]
[TimeControl "180+2"]
[Date "2023.03.28"]
[WhiteClock "0:00:38"]
[BlackClock "0:00:27"]

1. e4 e5 2. Nf3 Nf6 3. Nxe5 d6 4. Nf3 Nxe4 5. Nc3 Nxc3 6. dxc3 Be7 7. Bd3 Nc6 8. O-O O-O 9. Re1 Bf6 10. Bf4 Bg4 11. h3 Bh5 12. Be4 Bg6 13. Qd5 Re8 14. Bxg6 hxg6 15. Qb5 Rb8 16. Rad1 a6 17. Qa4 Qd7 18. Be3 Ne5 19. Qf4 Nxf3+ 20. Qxf3 Qf5 21. Qe2 Bg5 22. Qc4 Bxe3 23. fxe3 Qxc2 24. Qxc7 Qxb2 25. Rf1 Rf8 26. Rxf7 Rxf7 27. Qxb8+ Rf8 28. Qxd6 Qxc3 29. Qe6+ Kh7 30. Rd4 Qc1+ 31. Kh2 Qc7+ 32. Kg1 Qc1+ 33. Kh2 Qc7+ 34. Kg1 Qc1+ 1/2-1/2


[Site "https://www.chess.com"]

[Event "Titled Tuesday Blitz March 28 Late 2023"]
[White "Dubreuil, Julien"]
[Black "Papayan, Oleg"]
[WhiteFideId "621285"]
[BlackFideId "4193911"]
[WhiteElo "2308"]
[BlackElo "2153"]
[Result "1-0"]
[Round "11"]
[TimeControl "180+2"]
[Date "2023.03.28"]
[WhiteClock "0:00:54"]
[BlackClock "0:00:18"]

1. e4 d5 2. exd5 Qxd5 3. Nc3 Qa5 4. Bc4 Nf6 5. d3 a6 6. Bd2 b5 7. Nxb5 Qb6 8. Nc3 Qxb2 9. Rb1 Qa3 10. Nf3 e6 11. O-O Qd6 12. Ng5 Be7 13. Qf3 c6 14. Nce4 Qd7 15. Nxf7 Nxe4 16. Qxe4 Kxf7 17. Rxb8 Rxb8 18. Qf4+ Bf6 19. Qxb8 Rd8 20. Re1 Qd6 21. Qb3 c5 22. h3 Bd7 23. Qb7 Bd4 24. Rxe6 Bxf2+ 25. Kxf2 Qd4+ 26. Be3 Qh4+ 27. g3 1-0


[Site "https://www.chess.com"]

[Event "Titled Tuesday Blitz March 28 Late 2023"]
[White "Estrada Nieto, Julian"]
[Black "Rose, Felix"]
[WhiteFideId "5101018"]
[BlackFideId "5105722"]
[WhiteElo "2176"]
[BlackElo "2039"]
[Result "1-0"]
[Round "11"]
[TimeControl "180+2"]
[Date "2023.03.28"]
[WhiteClock "0:00:26"]
[BlackClock "0:00:01"]

1. e4 e5 2. Nf3 Nc6 3. Bb5 a6 4. Ba4 Nf6 5. O-O Be7 6. d3 b5 7. Bb3 d6 8. a4 Bd7 9. Nc3 Na5 10. Ba2 b4 11. Nd5 Rb8 12. Bd2 c5 13. Nxf6+ Bxf6 14. Bd5 O-O 15. Be3 b3 16. cxb3 Qb6 17. Nd2 Be6 18. Nc4 Nxc4 19. dxc4 Qxb3 20. Bxe6 Qxd1 21. Rfxd1 fxe6 22. Rxd6 Rxb2 23. Rxa6 Rfb8 24. g3 Rb1+ 25. Rxb1 Rxb1+ 26. Kg2 Rb4 27. a5 Rxc4 28. Kf3 Kf7 29. Rc6 Be7 30. Rc7 Kf6 31. a6 Ra4 32. a7 c4 33. Rc8 Rxa7 34. Bxa7 1-0


[Site "https://www.chess.com"]

[Event "Titled Tuesday Blitz March 28 Late 2023"]
[White "Kornyukov, Alexey"]
[Black "Romero Pallares, Daniel"]
[WhiteFideId "4150457"]
[BlackFideId "32025637"]
[WhiteElo "2352"]
[BlackElo "2195"]
[Result "0-1"]
[Round "11"]
[TimeControl "180+2"]
[Date "2023.03.28"]
[WhiteClock "0:00:01"]
[BlackClock "0:00:06"]

1. d4 g6 2. c4 Bg7 3. e4 d6 4. Nc3 e5 5. d5 a5 6. Bd3 Na6 7. Nge2 Bd7 8. O-O Qh4 9. Be3 Bh6 10. Qd2 Bxe3 11. fxe3 Ne7 12. Rf3 O-O 13. Raf1 f5 14. Ng3 Nc5 15. Bc2 Kh8 16. a3 a4 17. exf5 gxf5 18. Bxf5 Nxf5 19. Nxf5 Qxc4 20. Nxd6 cxd6 21. Rxf8+ Rxf8 22. Rxf8+ Kg7 23. Qf2 Ne4 24. Qf7+ Kh6 25. Qxd7 Qd3 26. Qe6+ Kg7 27. Qf7+ Kh6 28. Nxe4 Qxe3+ 29. Qf2 Qxe4 30. Qg3 Qb1+ 0-1


[Site "https://www.chess.com"]

[Event "Titled Tuesday Blitz March 28 Late 2023"]
[White "Fernandez Sanchez, Mario Andres"]
[Black "Koksal, Ege"]
[WhiteFideId "6501621"]
[BlackFideId "6317626"]
[WhiteElo "2050"]
[BlackElo "2226"]
[Result "0-1"]
[Round "11"]
[TimeControl "180+2"]
[Date "2023.03.28"]
[WhiteClock "0:00:36"]
[BlackClock "0:00:17"]

1. d4 d5 2. Bf4 c6 3. e3 Nf6 4. c4 Bf5 5. Qb3 Qb6 6. c5 Qxb3 7. axb3 Bxb1 8. Rxb1 Nbd7 9. Nf3 Ne4 10. b4 a6 11. Ra1 Rc8 12. Bd3 e6 13. Bxe4 dxe4 14. Nd2 Nf6 15. Bg3 Be7 16. Nc4 Nd5 17. Ra4 f6 18. Bd6 Bd8 19. Ke2 Kd7 20. Nd2 h5 21. Nxe4 f5 22. Nd2 g5 23. Nc4 h4 24. Be5 Rh7 25. f3 Be7 26. e4 fxe4 27. fxe4 Nf6 28. Nb6+ Kd8 29. Nxc8 Kxc8 30. Bxf6 Bxf6 31. Kd3 Rd7 32. b5 axb5 33. Rb4 Be5 34. Ke3 Bf4+ 35. Kf3 Bc7 36. Rf1 Bxh2 37. Kg4 Bf4 38. Rf3 Kc7 39. Rd3 Rd8 40. Rbb3 Bc1 41. Rd1 Bf4 42. Rbd3 Ra8 43. Ra3 Rd8 44. b4 Rd7 45. Rad3 Re7 46. d5 exd5 47. exd5 Re4 48. Rg3 Bxg3+ 0-1


[Site "https://www.chess.com"]

[Event "Titled Tuesday Blitz March 28 Late 2023"]
[White "Fiorito, Francisco"]
[Black "ArtemDyachuk"]
[WhiteFideId "180165"]
[WhiteElo "2341"]
[BlackElo "2405"]
[Result "1-0"]
[Round "11"]
[TimeControl "180+2"]
[Date "2023.03.28"]
[WhiteClock "0:02:40"]
[BlackClock "0:00:01"]

1. d4 Nf6 2. Nc3 d5 3. Bf4 g6 4. e3 Bg7 5. Be2 O-O 6. Nf3 a6 7. Ne5 b5 8. h4 h5 9. g4 hxg4 10. Nxg4 Nh5 11. Nh6+ Kh7 12. Bxh5 Bxh6 13. Bxh6 Kxh6 14. Bf3 e6 15. Qd2 Kg7 16. e4 dxe4 17. Nxe4 Bb7 18. h5 Rh8 19. O-O-O Qd5 20. hxg6 Qxa2 21. Qg5 Qa1+ 22. Kd2 Qa5+ 23. c3 Nd7 24. gxf7+ Kxf7 25. Bh5+ Rxh5 26. Qxh5+ Ke7 27. Qg5+ Ke8 28. Rh8+ 1-0


[Site "https://www.chess.com"]